AoeStats
← WaxCreator777

Yucatan

510889165Analyzed
3v3 RM · 22h ago on Oct 3, 2026· 62m 44s· 6 players
Game mode
Random Map
Map size
Normal (6 player)
Population
200
Speed
Normal
Resources
Standard
Victory
Conquest
Starting age
Dark Age
Ending age
Imperial Age
RankedLock teamsTeams togetherTeam positionsShared explorationLock speedFull tech treeHidden civsTurbo modeCheats
Victory
Defeat
🇦🇷 Mongols · Argentina
1113
+13
🇦🇷 Armenians · Argentina
1110
+13
🇦🇷 Persians · Argentina
995
+17
🇬🇧 Georgians · United Kingdom
1070
-16
🇭🇰 Mongols · Hong Kong SAR China
1028
-37
🇺🇸 Maya · United States
1007
-13
tommyhk
11:45 Feudal Age
13:20 Wheelbarrow
13:59 Double-Bit Axe
23:19 Castle Age
22:51 Horse Collar
23:39 Stone Mining
23:39 Gold Mining
25:30 Bow Saw
29:05 Gold Mining
30:11 Bloodlines
31:23 Heavy Plow
33:09 Hand Cart
35:48 Bow Saw
36:12 Fletching
36:22 Padded Archer Armor
37:07 Town Watch
37:28 Light Cavalry
38:09 Husbandry
39:28 Thumb Ring
43:19 Imperial Age
41:46 Bodkin Arrow
42:07 Leather Archer Armor
43:39 Gold Shaft Mining
43:06 Loom
44:25 Ballistics
45:05 Chemistry
44:33 Parthian Tactics
45:08 Hussar
47:14 Bracer
47:23 Siege Engineers
47:28 Masonry
47:56 Elite Mangudai
Lothar of the Hill People
4:20 Loom
11:37 Feudal Age
18:35 Castle Age
18:13 Bloodlines
18:37 Scale Barding Armor
18:49 Forging
22:48 Husbandry
32:38 Horse Collar
33:55 Chain Barding Armor
34:56 Double-Bit Axe
38:16 Iron Casting
39:50 Elite Skirmisher
42:11 Heavy Plow
42:54 Wheelbarrow
48:35 Imperial Age
49:53 Plate Barding Armor
50:19 Blast Furnace
52:02 Padded Archer Armor
51:55 Fletching
54:32 Leather Archer Armor
54:13 Bodkin Arrow
WaxCreator777
0:39 Loom
13:12 Feudal Age
14:19 Double-Bit Axe
14:00 Man-at-Arms
18:37 Wheelbarrow
18:11 Horse Collar
21:07 Town Watch
24:28 Castle Age
24:19 Padded Archer Armor
24:22 Scale Mail Armor
24:33 Forging
25:32 Elite Skirmisher
26:58 Bow Saw
26:19 Eagle Warrior
27:35 Heavy Plow
27:59 Squires
34:09 Hul'che Javelineers
36:13 Fletching
42:31 Hand Cart
44:56 Town Patrol
44:22 Pikeman
Popotitos
11:27 Feudal Age
9:47 Loom
11:33 Feudal Age
16:23 Castle Age
16:30 Gold Mining
16:32 Stone Mining
16:28 Double-Bit Axe
19:05 Fletching
21:16 Ballistics
21:19 Bodkin Arrow
22:15 Padded Archer Armor
24:52 Bloodlines
24:44 Husbandry
24:54 Gold Mining
27:21 Horse Collar
27:53 Bow Saw
32:41 Wheelbarrow
32:30 Town Watch
35:22 Gold Shaft Mining
39:56 Imperial Age
39:17 Leather Archer Armor
39:49 Hand Cart
40:07 Heavy Plow
41:01 Conscription
41:46 Chemistry
43:22 Elite Mangudai
48:41 Parthian Tactics
53:49 Light Cavalry
54:35 Scale Barding Armor
54:40 Forging
54:31 Bracer
54:26 Hussar
55:52 Chain Barding Armor
57:33 Iron Casting
Berrexlv
5:13 Loom
11:00 Feudal Age
12:02 Double-Bit Axe
15:51 Gold Mining
18:24 Scale Barding Armor
21:39 Forging
24:25 Castle Age
22:40 Horse Collar
23:49 Wheelbarrow
23:56 Scale Mail Armor
23:37 Man-at-Arms
26:13 Iron Casting
25:31 Long Swordsman
26:28 Squires
28:14 Fletching
27:59 Pikeman
31:13 Two-Handed Swordsman
32:14 Heavy Plow
33:05 Bow Saw
34:12 Gold Shaft Mining
33:45 Town Watch
35:02 Chain Mail Armor
40:51 Padded Archer Armor
40:46 Bodkin Arrow
41:50 Hand Cart
41:40 Elite Skirmisher
43:29 Leather Archer Armor
44:06 Crossbowman
44:46 Champion
51:12 Imperial Age
49:11 Ballistics
52:42 Ring Archer Armor
52:12 Bracer
52:04 Halberdier
53:16 Plate Mail Armor
53:53 Blast Furnace
54:13 Chemistry
Mastropiero
10:37 Feudal Age
8:54 Loom
15:15 Castle Age
16:26 Husbandry
16:43 Horse Collar
18:13 Double-Bit Axe
19:55 Heavy Plow
22:52 Scale Barding Armor
23:48 Bow Saw
24:07 Stone Mining
24:12 Gold Mining
25:46 Forging
27:15 Iron Casting
31:13 Bloodlines
33:53 Imperial Age
32:44 Chain Barding Armor
34:07 Cavalier
36:05 Two-Man Saw
35:38 Crop Rotation
38:58 Plate Barding Armor
39:24 Blast Furnace
41:52 Savar
61:25 Gold Shaft Mining
61:33 Stone Mining
Connection lost

Rejoining the realm…

Still unreachable

The connection could not be restored.

Session expired

The server has moved on; the page needs a fresh start.